 Dungeon Crawl Stone Soup version 0.28.0 (webtiles) character file.

Game seed: 3933813246596944412

65937 ProzacElf the Severer (level 14, -10/132 HPs)
             Began as a Minotaur Abyssal Knight on Feb 7, 2022.
             Was a High Priest of Lugonu.
             Mangled by an orc knight (32 damage)
             ... on level 2 of the Orcish Mines.
             The game lasted 00:46:19 (27275 turns).

ProzacElf the Severer (Minotaur Abyssal Knight)    Turns: 27275, Time: 00:46:20

Health: -10/132    AC: 19    Str: 25    XL:     14   Next: 77%
Magic:  15/22      EV:  9    Int:  7    God:    Lugonu [*****.]
Gold:   1870       SH:  9    Dex: 15    Spells: 13/13 levels left

rFire   + . .      SeeInvis .   a - +8 mithril axe "Arga" {speed, Will+}
rCold   . . .      Faith    .   k - +0 kite shield {AC+3}
rNeg    . . .      Spirit   .   n - +2 chain mail {rF+}
rPois   .          Reflect  .   H - +2 hat
rElec   .          Harm     .   (no cloak)
rCorr   .          Rampage  .   i - +0 pair of gloves
Will    ++...                   L - +0 pair of boots
Stlth   ..........              w - amulet of regeneration
HPRegen 1.12/turn               g - +6 ring of strength
MPRegen 0.18/turn               p - +4 ring of protection

@: corroded
A: horns 2, retaliatory headbutt
a: Renounce Religion, Depart the Abyss, Bend Space, Banish, Corrupt, Enter the
Abyss


You were on level 2 of the Orcish Mines.
You worshipped Lugonu.
Lugonu was extremely pleased with you.
You visited 3 branches of the dungeon, and saw 20 of its levels.
You visited the Abyss 1 time.
You also visited: Sewer.

You collected 2037 gold pieces.
You spent 167 gold pieces at shops.

Inventory:

Hand Weapons
 a - the +8 mithril axe "Arga" (weapon) {speed, Will+}
   (You acquired it on level 2 of the Lair of Beasts)

   Attacks with this weapon are significantly faster.
   Will:      It increases your willpower.
 b - the +9 war axe of Sin {venom, rElec rPois Dex+8 Stlth+}
   (You found it on level 7 of the Dungeon)

   It poisons the flesh of those it strikes.
   Dex:       It affects your dexterity (+8).
   rElec:     It insulates you from electricity.
   rPois:     It protects you from poison.
   Stlth:     It makes you more stealthy.
Missiles
 c - 34 poisoned darts
 f - 17 boomerangs (quivered)
 m - 5 curare-tipped darts
 s - 6 javelins
 y - 2 throwing nets
Armour
 i - a +0 pair of gloves (worn)
 k - a +0 kite shield of protection (worn)
 n - a +2 chain mail of fire resistance (worn)
 H - a +2 hat (worn)
 L - a +0 pair of boots (worn)
Jewellery
 g - a +6 ring of strength (left hand)
 h - an amulet of reflection
 p - a +4 ring of protection (right hand)
 r - a ring of protection from cold
 t - a ring of flight
 w - an amulet of regeneration (around neck)
 G - a ring of ice
Wands
 v - a wand of charming (9)
 A - a wand of iceblast (16)
 K - a wand of paralysis (9)
 M - a wand of acid (5)
 P - a wand of mindburst (20)
 S - a wand of flame (14)
 Z - a wand of digging (5)
Scrolls
 j - a scroll of blinking
 l - 2 scrolls of fog
 o - 8 scrolls of immolation
 q - 4 scrolls of teleportation
 u - a scroll of magic mapping
 Q - a scroll of fear
Potions
 d - a potion of ambrosia {!e}
 e - a potion of berserk rage
 x - 2 potions of brilliance
 z - 2 potions of heal wounds
 C - 5 potions of flight {unknown}
 E - 4 potions of magic {unknown}
 F - 3 potions of mutation
 I - 3 potions of cancellation
 J - 6 potions of curing
 N - a potion of attraction
 O - 2 potions of haste
 T - 2 potions of might
Miscellaneous
 B - a phial of floods
 D - a phantom mirror
 Y - a piece from Xom's chessboard (15/15)


   Skills:
 + Level 14.1 Fighting
 - Level 20.0 Axes
 - Level 5.0 Armour
 - Level 5.0 Dodging
 - Level 3.0 Stealth
 - Level 5.0 Shields
 + Level 13.1 Invocations
 - Level 7.0 Evocations


You had 13 spell levels left.
You didn't know any spells.
Your spell library contained the following spells:

 Spells                   Type           Power      Damage    Failure   Level
 Animate Skeleton         Necr           0%         N/A       100%        1
 Apportation              Tloc           0%         N/A       100%        1
 Magic Dart               Conj           0%         1d3       100%        1
 Pain                     Necr           0%         1d4       100%        1
 Summon Small Mammal      Summ           0%         N/A       100%        1
 Corpse Rot               Necr/Air       0%         N/A       100%        2
 Ensorcelled Hibernation  Hex/Ice        0%         N/A       100%        2
 Poisonous Vapours        Pois/Air       0%         N/A       100%        2
 Searing Ray              Conj           0%         2d4       100%        2
 Confusing Touch          Hex            0%         N/A       100%        3
 Frozen Ramparts          Ice            0%         1d2       100%        3
 Spider Form              Tmut/Pois      0%         N/A       100%        3
 Vampiric Draining        Necr           0%         2d6       100%        3
 Anguish                  Hex/Necr       0%         N/A       100%        4
 Fulminant Prism          Conj/Hex       0%         3d6       100%        4
 Ice Form                 Ice/Tmut       0%         N/A       100%        4
 Summon Ice Beast         Ice/Summ       0%         N/A       100%        4
 Yara's Violent Unravell  Hex/Tmut       0%         3d3       100%        5
 Enfeeble                 Hex            0%         N/A       100%        7


Dungeon Overview and Level Annotations

Branches:
Dungeon (12/15)            Temple (0/1) D:7            Lair (6/6) D:11
 Shoals (0/4) Lair:3       Spider (0/4) Lair:3        Slime (0/5) Lair:5
    Orc (2/2) D:10          Sewer (visited)
    Elf: Orc:2

Altars:
Cheibriados
Fedhas
Gozag
Hepliaklqana
Kikubaaqudgha
Makhleb
Qazlal
Trog
Vehumet
Wu Jian
Xom

Shops:
D:6 [([   Orc:1 *   Orc:2 *(*

Portals:
Pandemonium: Orc:2

Annotations:
D:10 2 runed translucent doors, suduhmizer's ghost, novice MiBe
Lair:3 2 transporters
Orc:2 corrupted


Innate Abilities, Weirdness & Mutations

You have a pair of horns on your head.
You reflexively headbutt those who attack you in melee.


Message History

Activatin': Corrupt (1% risk o' failure)
Press: ? - help, Dir - look around, f - activate Lugonu's Hand o' Corruption reaches out!
Lugonu be nay longer ready ta corrupt yer weapon.
An orc sorcerer an' an orc high priest come inta view.
Ye feel very sick.
Tha orc sorcerer shouts!
Tha orc high priest shouts!
Ye hear a shout! x3
An orc high priest comes inta view.
It be wieldin' a +1 vampiric short sword.
Ye block tha hellwin''s attack.
Tha hellwin' hits ye but does nay damage.
An orc high priest comes inta view.
It be wieldin' a +0 long sword.
Tha orc sorcerer hits ye wit' a +0 dagger.
* * * LOW HITPOINT WARNIN'
* * * Tha rust devil hits ye.
Tha rust devil corrodes ye!
Tha orc sorcerer hits ye but does nay damage.
Ye be more poison'd.
Tha orc high priest moves outta view.
Found Xavozuit's Antique Weapon Emporium.
Found a 'un-way gate leadin' ta tha halls o' Pandemonium.
Ye take 10 damage, an' haf 32/132 hp.
Ye now haf 15/22 mp.
Tha smoke demon refuses ta make way fer ye. (Use ctrl+direction or * direction ta attack.) Ye slash tha orc sorcerer!
Ye headbutt tha orc sorcerer.
Tha orc sorcerer be heavily wounded.
Ye hit tha rust devil.
Ye hit tha hellwin' but do nay damage.
Ye hit tha orc knight.
Ye slash tha orc sorcerer!
Ye feel sick.
Tha soul eater draws from tha surroundin' life force!
* * * LOW HITPOINT WARNIN'
* * * Somethin' barely misses tha orc sorcerer.
Somethin' completely misses tha orc sorcerer.
Ye block tha hellwin''s attack.
Tha hellwin' hits ye.
* * * LOW HITPOINT WARNIN'
* * * Ye take 18 damage, an' haf 14/132 hp.
Ye feel better.
Somethin' claws tha orc sorcerer but does nay damage.
Somethin' barely misses tha orc sorcerer.
Tha ufetubus barely misses tha orc high priest.
Tha ufetubus hits tha orc high priest but does nay damage.
Tha orc sorcerer hits ye but does nay damage.
Tha orc knight hits ye wit' a +0 battleaxe!!
Ye die...

..### # #∩.∩# ....#
#.....# ...##
###..#.#.. .###
...##....# ##
##...#...#. ##
##4)G.XX.... .#
##..p.#.X.... .####
##..##344.#.. .)..##
##..###@43##
.....#####.[###ooo.#
.##....##..###ooo.#...
####....)[#####3##o
.o5# . ###.[[###....
o# #.. # ##.###.#.#.
.∩ . ## ####...##. ..
.## ##.# ## #∩# ..#


You could see 2 orc knights, a soul eater (summoned), 4 orc high priests, a
hellwing (summoned), a rust devil (summoned), 3 orc sorcerers, a neutral
starcursed mass (summoned), a neutral hell knight (summoned), a neutral glowing
orange brain (summoned), 2 neutral large abominations, a neutral rust devil
(summoned), a neutral smoke demon (summoned), a neutral ynoxinul (summoned), a
neutral chaos spawn (summoned) and a neutral ufetubus (summoned).

Vanquished Creatures
  An ettin (Orc:2)
  5 catoblepae
  4 two-headed ogres
  13 death yaks
  A death knight (D:12)
  Sonja (Lair:5)
  A soul eater (Orc:2)
  A sun demon (Orc:2)
  A sixfirhy (Orc:2)
  A phantasmal warrior (D:12)
  Pikel (D:6)
  2 lindwurms
  An orc knight (Orc:2)
  3 manticores
  A deep elf pyromancer (D:12)
  An orc sorcerer (Orc:1)
  2 cyclopes
  6 black mambas
  6 rime drakes
  15 cane toads
  10 komodo dragons
  2 unseen horrors (D:12)
  2 freezing wraiths (D:12)
  2 burning bushes (Lair:2)
  9 trolls
  A polar bear (Lair:1)
  5 slime creatures
  5 blink frogs (Lair:1)
  8 dream sheep
  Sigmund (D:4)
  A shadow (D:10)
  5 wyverns
  4 wraiths
  63 yaks
  A vampire (D:11)
  Eustachio (D:6)
  4 basilisks
  2 chaos spawn (Orc:2)
  A steam dragon (D:9)
  2 wargs (Orc:2)
  25 water moccasins
  Duvessa (D:7)
  23 orc warriors
  A sky beast (D:5)
  An ice beast (D:6)
  8 ogres
  3 lemures (D:6)
  8 centaurs
  A phantom (D:6)
  3 kobold brigands
  4 scorpions
  A gnoll sergeant (D:10)
  14 bullfrogs
  Blork the orc (D:4)
  Dowan (D:7)
  A water moccasin skeleton (D:4)
  4 killer bees
  6 wights
  2 howler monkeys
  5 centaur zombies
  5 hounds
  3 gnoll shamans
  13 orc priests
  A jelly (D:6)
  Ijyb (D:4)
  2 iguanas
  11 orc wizards
  A statue (D:7)
  A killer bee zombie (D:8)
  A hound skeleton (D:4)
  2 howler monkey zombies
  14 gnolls
  10 adders
  2 shadow imps
  2 ufetubi (D:6)
  5 worms
  A dart slug (D:1)
  36 orcs
  7 ball pythons
  10 endoplasms
  10 giant cockroaches
  8 goblins
  4 hobgoblins
  6 jackals
  6 quokkas
  2 bats
  14 frilled lizards
  23 kobolds
  8 rats
  3 bushes (D:11)
521 creatures vanquished.

Vanquished Creatures (others)
  4 bushes
  21 fungi
  81 plants
106 creatures vanquished.

Grand Total: 627 creatures vanquished

Notes
Turn   | Place    | Note
-------+----------+-------------------------------------------
     0 | Abyss:1  | ProzacElf the Minotaur Abyssal Knight began the quest for
                  | the Orb.
     0 | Abyss:1  | Reached XP level 1. HP: 19/19 MP: 1/1
     5 | Abyss:1  | Found a corrupted altar of Lugonu.
    78 | D:1      | Escaped the Abyss
   210 | D:1      | Found a faded altar of an unknown god.
   517 | D:1      | Reached XP level 2. HP: 20/26 MP: 2/2
   852 | D:1      | Reached skill level 3 in Axes
  1021 | D:1      | You fall into a shaft and drop 1 floor!
  1033 | D:2      | Reached ** piety under Lugonu
  1037 | D:2      | Reached XP level 3. HP: 29/31 MP: 4/4
  1865 | D:2      | Identified the +8 dagger of Gallantry {venom, rPois Str+2}
  2204 | D:3      | Found a glowing drain.
  2220 | Sewer    | Entered a sewer
  2224 | Sewer    | Reached XP level 4. HP: 39/39 MP: 5/5
  2395 | Sewer    | Reached *** piety under Lugonu
  2578 | Sewer    | Noticed a bullfrog
  2587 | Sewer    | Killed a bullfrog
  2588 | Sewer    | Reached skill level 4 in Axes
  2588 | Sewer    | Reached XP level 5. HP: 29/45 MP: 7/7
  3485 | D:4      | Noticed Ijyb
  3507 | D:4      | Killed Ijyb
  3587 | D:4      | Noticed Sigmund
  3602 | D:4      | Killed Sigmund
  3603 | D:4      | Reached skill level 5 in Axes
  3603 | D:4      | Reached skill level 5 in Invocations
  3603 | D:4      | Reached XP level 6. HP: 28/51 MP: 7/9
  4171 | D:4      | Reached skill level 6 in Axes
  4507 | D:4      | Reached XP level 7. HP: 57/57 MP: 10/10
  4546 | D:4      | Noticed Blork the orc
  4552 | D:4      | Killed Blork the orc
  4863 | D:5      | Entered Level 5 of the Dungeon
  5182 | D:5      | Reached skill level 7 in Axes
  5223 | D:5      | Found a stormy altar of Qazlal.
  5223 | D:5      | Noticed a fire elemental
  5227 | D:5      | Noticed an air elemental
  5231 | D:5      | Noticed a water elemental
  5528 | D:5      | Found a hazy altar of Hepliaklqana.
  5740 | D:6      | Reached XP level 8. HP: 54/64 MP: 12/12
  5832 | D:6      | Found Uregar's Antique Armour Shop.
  5964 | D:6      | Reached skill level 8 in Axes
  5975 | D:6      | Noticed Eustachio
  5976 | D:6      | Found Woumuf's Antique Weapon Emporium.
  5984 | D:6      | Killed Eustachio
  6426 | D:6      | Found an ornate altar of the Wu Jian Council.
  6426 | D:6      | Found a snail-covered altar of Cheibriados.
  6477 | D:6      | Found an ancient bone altar of Kikubaaqudgha.
  6541 | D:6      | Reached skill level 9 in Axes
  6911 | D:6      | Found a blossoming altar of Fedhas.
  6938 | D:6      | Reached **** piety under Lugonu
  7008 | D:6      | Reached XP level 9. HP: 38/70 MP: 14/14
  7208 | D:6      | Noticed Pikel
  7221 | D:6      | Killed Pikel
  7222 | D:6      | Reached skill level 10 in Axes
  7433 | D:6      | Found Haal's Antique Armour Emporium.
  7663 | D:7      | Found a radiant altar of Vehumet.
  7709 | D:7      | Noticed Duvessa
  7709 | D:7      | Noticed Dowan
  7712 | D:7      | Killed Duvessa
  7717 | D:7      | Killed Dowan
  7780 | D:7      | Found a staircase to the Ecumenical Temple.
  7788 | D:7      | Reached skill level 11 in Axes
  8144 | D:7      | Identified the +9 war axe of Sin {venom, rElec rPois Dex+8
                  | Stlth+}
  8264 | D:7      | Reached skill level 10 in Invocations
  8942 | D:8      | Reached skill level 1 in Evocations
  9197 | D:8      | Reached skill level 12 in Axes
  9698 | D:9      | Reached XP level 10. HP: 69/77 MP: 16/16
 10576 | D:10     | Entered Level 10 of the Dungeon
 10876 | D:10     | Found an opulent altar of Gozag.
 11043 | D:10     | Found a staircase to the Orcish Mines.
 11053 | D:10     | Found a burning altar of Makhleb.
 11070 | D:10     | Reached ***** piety under Lugonu
 11332 | D:10     | Reached skill level 13 in Axes
 11504 | D:10     | Found a large runed translucent door.
 11504 | D:10     | Found a large runed translucent door.
 11613 | D:10     | Noticed suduhmizer's ghost (novice MiBe)
 11764 | D:10     | Noticed a cyclops
 11773 | D:10     | Killed a cyclops
 11774 | D:10     | Reached skill level 5 in Evocations
 11928 | D:10     | Found a bloodstained altar of Trog.
 12042 | D:11     | Noticed a manticore
 12592 | D:11     | Found a staircase to the Lair.
 12614 | D:10     | Reached skill level 14 in Axes
 13389 | D:11     | Reached XP level 11. HP: 75/82 MP: 17/17
 14029 | D:11     | Identified the +0 falchion "Morouh" {freeze, rCorr}
 14316 | D:11     | Reached skill level 15 in Axes
 14585 | Lair:1   | Entered Level 1 of the Lair of Beasts
 14810 | Lair:1   | Reached skill level 16 in Axes
 15470 | Lair:2   | Reached skill level 17 in Axes
 16364 | Lair:2   | Noticed a catoblepas
 16366 | Lair:2   | Reached XP level 12. HP: 79/90 MP: 18/18
 16370 | Lair:2   | Reached skill level 18 in Axes
 16807 | Lair:2   | Noticed a four-headed hydra
 16867 | Lair:2   | Banished a four-headed hydra
 16868 | Lair:2   | Reached skill level 19 in Axes
 17258 | Lair:2   | Noticed an eight-headed hydra
 17262 | Lair:2   | Banished an eight-headed hydra
 17360 | Lair:2   | Killed a catoblepas
 17597 | Lair:2   | Identified a scroll of acquirement
 17597 | Lair:2   | Acquired the +8 mithril axe "Arga" {speed, Will+}
 17597 | Lair:2   | Found the +8 mithril axe "Arga" {speed, Will+}
 17641 | Lair:3   | Noticed a six-headed hydra
 17653 | Lair:3   | Banished a six-headed hydra
 17807 | Lair:3   | Noticed an eight-headed hydra
 17812 | Lair:3   | Found a transporter.
 17812 | Lair:3   | Found a transporter.
 17812 | Lair:3   | Noticed a boulder beetle
 17850 | Lair:3   | Banished an eight-headed hydra
 18002 | Lair:3   | Found a staircase to the Shoals.
 18135 | Lair:3   | Found a hole to the Spider Nest.
 18323 | Lair:3   | Reached skill level 5 in Fighting
 19370 | Lair:4   | Reached skill level 5 in Armour
 19452 | Lair:4   | Reached skill level 20 in Axes
 19628 | Lair:4   | Reached skill level 1 in Shields
 20290 | Lair:5   | Reached XP level 13. HP: 78/102 MP: 19/19
 20811 | Lair:5   | Noticed Sonja
 21100 | Lair:5   | Killed Sonja
 21642 | Lair:5   | Reached skill level 5 in Shields
 21759 | Lair:5   | Reached skill level 5 in Dodging
 22084 | Lair:5   | Found the +8 whip "Snakebite" {venom, curare, rPois}
 22311 | Lair:5   | Found a staircase to the Slime Pits.
 22544 | Lair:6   | Entered Level 6 of the Lair of Beasts
 22556 | Lair:6   | Reached skill level 10 in Fighting
 22667 | Lair:6   | Reached skill level 1 in Stealth
 23536 | Lair:6   | Found a shimmering altar of Xom.
 24605 | Lair:6   | Reached XP level 14. HP: 115/124 MP: 21/21
 26194 | D:12     | Acquired a +0 kite shield of protection
 26240 | Orc:1    | Entered Level 1 of the Orcish Mines
 26281 | Orc:1    | Found Fapoqac's CLEARANCE SALE!.
 26289 | Orc:1    | Bought a scroll of magic mapping for 7 gold pieces
 26289 | Orc:1    | Bought a phial of floods for 80 gold pieces
 26289 | Orc:1    | Bought a phantom mirror for 80 gold pieces
 26560 | Orc:2    | Entered Level 2 of the Orcish Mines
 26560 | Orc:2    | Found a shimmering altar of Xom.
 27227 | Orc:2    | Reached ****** piety under Lugonu
 27251 | Orc:2    | Found Unaq's General Store.
 27253 | Orc:2    | Found Bovaem's General Store.
 27273 | Orc:2    | Corrupted Orc:2
 27273 | Orc:2    | Noticed a starcursed mass
 27273 | Orc:2    | Found Xavozuit's Antique Weapon Emporium.
 27273 | Orc:2    | Found a one-way gate leading to the halls of Pandemonium.
 27275 | Orc:2    | Mangled by an orc knight

Illustrated notes

Levels and vault maps discovered:
D:1:      ncdulo_lavacross, layout_loops_corners, basic_ecumenical_altar
D:2:      layout_rooms, roderic_roman_lattice
D:3:      layout_loops_ring, portal_sewer_entry_b, st_stairs_9,
          kennysheep_generic_room_15
D:4:      layout_basic, uniq_ijyb, uniq_blork_the_orc, uniq_sigmund
D:5:      layout_rooms, nicolae_qazlal_style_of_elements,
          nzn_hepliaklqana_mist_gate
D:6:      minmay_diamond_boxcup, layout_basic, lemuel_coloured_pillars_altar,
          fedhas_altar_1, gammafunk_temple_overflow_elements, serial_shops,
          shop_statue, nicolae_shop_overgrown_old_shop, nicolae_take_the_stairs,
          hex_large, uniq_eustachio, uniq_pikel
D:7:      layout_gridville, vehumet_statue, temple_pool_b, minmay_statues_item,
          uniq_duvessa
D:8:      layout_loops_corners
D:9:      layout_layer_cave, nicolae_figureground_sparkle
D:10:     layout_loops_ring, mainiacjoe_overflow_alcove_2,
          mainiacjoe_overflow_small_starburst, old_standard_altar, orc_0_dummy,
          ebering_ghost_disaster_area, water_boxes_lemuel
D:11:     layout_loops_ring, minmay_lair_entry_grove
D:12:     layout_rooms
Lair:1:   layout_regular_city, grunt_megastairs_1, lemuel_fruit_tree
Lair:2:   nzn_winding_woodlands_small
          [nzn_winding_woodlands_5x15_pathside_ponds,
          nzn_winding_woodlands_center_pierced_h,
          nzn_winding_woodlands_5x15_twine], layout_chaotic_city,
          evilmike_ambush [evilmike_ambush_outer_basic,
          evilmike_ambush_inner_basic], infiniplex_staircase_pool,
          lemuel_fruit_fields
Lair:3:   gammafunk_boulding_lane, layout_layer_cave,
          minmay_shoals_entry_centaurs, dummy_spider_entry
Lair:4:   layout_long_grid, hangedman_lair_unloving_vines
Lair:5:   minmay_guarded_unrand_snakebite, layout_small_grid,
          dpeg_slime_entry_corner, enter_volcano_2, minmay_lair_drake_nest,
          grunt_megastairs_5, uniq_sonja
Lair:6:   evilmike_catoblepas_cave, layout_cave_pods, serial_rivers,
          chequers_serial_rivers_micro_e, chequers_serial_rivers_small_b,
          chequers_serial_rivers_room_b, chequers_serial_rivers_micro_b,
          chequers_serial_rivers_micro_a, chequers_serial_rivers_small_3,
          basic_altar, minmay_hedge_maze
Orc:1:    layout_diamond_mine, nicolae_shop_clearance
Orc:2:    pf_orc_diabolical, layout_diamond_mine, basic_altar

Skill      XL: |  1  2  3  4  5  6  7  8  9 10 11 12 13 14 |
---------------+-------------------------------------------+-----
Invocations    | 2 3 4 5 7 8 10 11 13 | 13.1
Axes           | 3 4 5 6 7 9 12 14 17 20 | 20.0
Evocations     | 2 6 7 |  7.0
Fighting       | 6 11 14 | 14.1
Armour         | 5 |  5.0
Shields        | 3 5 |  5.0
Dodging        | 3 5 |  5.0
Stealth        | 3 |  3.0

Action                   |  1- 3 |  4- 6 |  7- 9 | 10-12 | 13-15 || total
-------------------------+-------+-------+-------+-------+-------++-------
Melee: Hand axe          |    57 |       |       |       |       ||    57
       Headbutt          |    10 |    10 |    31 |   108 |   135 ||   294
       Whip              |    40 |    45 |       |       |       ||    85
       Battleaxe         |       |    50 |   145 |       |       ||   195
       War axe           |       |       |    52 |   298 |       ||   350
       Punch             |       |       |     1 |       |       ||     1
       Broad axe         |       |       |       |   104 |   538 ||   642
Throw: Boomerang         |       |       |       |       |     2 ||     2
Invok: Banish            |       |       |       |    17 |     4 ||    21
       Corrupt           |       |       |       |       |     1 ||     1
Evoke: Wand              |       |       |       |       |     2 ||     2
  Use: Scroll            |     3 |     3 |     2 |    11 |     6 ||    25
       Potion            |       |     1 |       |       |     2 ||     3
 Stab: Petrified         |       |       |       |       |     5 ||     5
       Paralysed         |       |       |       |       |     1 ||     1
Armor: Leather armour    |    10 |       |       |       |       ||    10
       Chain mail        |    13 |    57 |   135 |   233 |   153 ||   591
       Scale mail        |     4 |       |       |       |       ||     4
Dodge: Dodged            |    44 |    39 |    77 |   132 |   109 ||   401
Block: Buckler           |       |       |       |    46 |    56 ||   102
       Kite shield       |       |       |       |       |    64 ||    64
